 Dungeon Crawl Stone Soup version 0.24-a0-201-gf205589 (webtiles) character file.

Game seed: 10825011406452610112

10451 Borgoz the Slicer (level 11, -7/64 HPs)
             Began as a Gargoyle Gladiator on Mar 25, 2019.
             Was a Priest of Ashenzari.
             Killed by divine providence
             ... invoked by an orc priest
              (15 damage)
             ... on level 11 of the Dungeon on Mar 26, 2019.
             The game lasted 00:21:25 (8837 turns).

Borgoz the Slicer (Gargoyle Gladiator)              Turns: 8837, Time: 00:21:26

Health: -7/64      AC: 20    Str: 18    XL:     11   Next: 62%
Magic:  17/17      EV: 15    Int:  9    God:    Ashenzari [***...]
Gold:   594        SH:  0    Dex: 14    Spells: 12/18 levels left

rFire    . . .     SeeInvis +   C - +4 short sword (elec)
rCold    . . .     Gourm    .   (no shield)
rNeg     + . .     Faith    .   i - +0 ring mail
rPois    ∞         Spirit   .   F - +1 hat
rElec    +         Reflect  .   E - +1 cloak {+Inv}
rCorr    .         Harm     .   g - +0 pair of gloves
MR       .....                  l - +0 pair of boots (curse)
Stlth    +++.......             (no amulet)
HPRegen  0.20/turn              y - ring of wizardry
MPRegen  0.15/turn              (no ring)

@: very slightly contaminated, invisible
A: negative energy resistance 1, electricity resistance, unbreathing,
petrification resistance, rot immunity, AC +8
a: Curse Item, Scrying, Renounce Religion


You were on level 11 of the Dungeon.
You worshipped Ashenzari.
Ashenzari was most pleased with you.
You were not hungry.

You visited 2 branches of the dungeon, and saw 12 of its levels.

You collected 594 gold pieces.

Inventory:

Hand Weapons
 a - a +6 dagger of electrocution
 b - a +1 antimagic dagger
 h - a +0 rapier
 t - a +0 dagger of speed
 w - a +0 dagger of venom
 C - a +4 short sword of electrocution (weapon)
Missiles
 d - 9 throwing nets (quivered)
 n - 4 poisoned tomahawks
 s - 6 javelins of returning
 x - 16 tomahawks
 I - 6 steel tomahawks
 K - 5 javelins
Armour
 g - a +0 pair of gloves (worn)
 i - a +0 ring mail (worn)
 l - a cursed +0 pair of boots (worn)
 E - a +1 cloak of invisibility (worn)
 F - a +1 hat (worn)
 J - a +2 chain mail of positive energy
Jewellery
 y - a ring of wizardry (left hand)
Wands
 o - a wand of acid (12)
 v - a wand of enslavement (4)
 A - a wand of paralysis (7)
 G - a wand of iceblast (10)
 M - a wand of flame (11)
Scrolls
 c - a scroll of enchant armour
 e - 3 scrolls of teleportation
 k - 9 scrolls of remove curse
 u - 2 scrolls of amnesia
 z - 4 scrolls of fog
 D - 3 scrolls of vulnerability {unknown}
Potions
 j - 4 potions of brilliance
 p - 2 potions of flight
 r - a potion of magic
 H - 2 potions of lignification
Comestibles
 f - 13 rations
 m - 5 chunks of flesh


   Skills:
 + Level 6.1 Fighting
 * Level 8.0 Short Blades
 + Level 5.0 Throwing
 + Level 6.8 Armour
 * Level 7.3 Dodging
 + Level 6.2 Stealth
 + Level 4.4 Spellcasting
 + Level 1.7 Conjurations
 + Level 4.1 Hexes
 + Level 3.5 Evocations


You had 12 spell levels left.
You knew the following spells:

 Your Spells              Type           Power        Failure   Level  Hunger
a - Confusing Touch       Hex            #.....       3%          1    #......
b - Blink                 Tloc           N/A          26%         2    ##.....
c - Mephitic Cloud        Conj/Pois/Air  #.......     38%         3    ###....

Your spell library contained the following spells:

 Spells                   Type           Power        Failure   Level  Hunger
 Slow                     Hex            #.......     4%          2    ##.....
 Magic Dart               Conj           #...         9%          1    #......
 Animate Skeleton         Necr           N/A          17%         1    #......
 Apportation              Tloc           #.....       17%         1    #......
 Summon Small Mammal      Summ           #...         17%         1    #......
 Call Imp                 Summ           #.......     26%         2    ##.....
 Conjure Flame            Conj/Fire      #.......     34%         3    ###....


Dungeon Overview and Level Annotations

Branches:
Dungeon (11/15)            Temple (1/1) D:5            Lair (0/6) D:9
    Orc (0/2) D:11

Altars:
Ashenzari
Cheibriados
Dithmenos
Elyvilon
Fedhas
Gozag
Hepliaklqana
Kikubaaqudgha
Makhleb
Nemelex Xobeh
Okawaru
Qazlal
Ru
Sif Muna
Trog
Uskayaw
Vehumet
Wu Jian
Xom
Yredelemnul
Zin
The Shining One
Beogh
Jiyva

Shops:
D:6 %   D:7 =   D:9 =

Annotations:
D:11 3 runed translucent doors, XanderDroid's ghost, novice MiBe


Innate Abilities, Weirdness & Mutations

You are resistant to torment.
Your stone body is resilient. (AC +8)
You are immune to poison.
You resist negative energy. (rN+)
You are resistant to electric shocks. (rElec)
You can survive without breathing.
You are immune to petrification.
You are immune to rotting.


Message History

The orc wizard barely misses you.
Things that are here:
a +0 hand axe; a +0 leather armour; an orc corpse
There is an open door here.
Okay, then.
You hit the orc priest but do no damage.
The orc priest is lightly wounded.
The orc wizard points at the orc priest and mumbles some strange words.
The puff of flame hits the orc priest!
You barely miss the orc.
The orc wizard points at the orc and mumbles some strange words.
The magic dart hits the orc!
The orc dies!
The orc priest closely misses you.
You barely miss the orc priest.
The orc priest is severely wounded.
You feel less confused.
The orc priest mumbles some strange prayers to Beogh against you.
Beogh smites you!
You die...

#......#####
#.##.#.####. ###'####
#.##.#... {# #....#
#.##.####### ####.##
#........... #..#
###..#######
#######'### #####.##
#.....o...####.[).).#
#........)'.)#..)))>#
#.......o@##).......#
* *
#.........####......#
* #..^......#
#......#, ,
#..^......# #........
* #....######*
########## #..[.#* *
####.#, *, , ,
#))...... ,
#...oo..., >


You could see an orc priest and an orc wizard.

Vanquished Creatures
  Harold (D:9)
  A two-headed ogre (D:8)
  An ugly thing (D:11)
  Maurice (D:8)
  2 kobold demonologists (D:11)
  A troll (D:9)
  3 hippogriffs
  A vampire (D:8)
  3 yaks (D:9)
  A wraith (D:10)
  2 hungry ghosts
  Menkaure (D:7)
  Duvessa (D:7)
  2 sky beasts (D:8)
  3 black bears
  2 phantoms
  14 orc warriors
  2 ice beasts
  9 ogres
  2 necrophages
  3 centaurs
  2 big kobolds (D:11)
  5 bullfrogs
  A wyvern zombie (D:8)
  Dowan (D:7)
  3 scorpions
  3 wights (D:11)
  5 howler monkeys
  4 jellies
  6 crimson imps
  A bullfrog zombie (D:5)
  A centaur zombie (D:7)
  2 bullfrog skeletons
  6 hounds
  A centaur skeleton (D:4)
  10 orc priests
  3 iguanas
  5 worker ants
  8 orc wizards
  A hound skeleton (D:3)
  9 gnolls
  2 howler monkey skeletons
  6 adders
  2 adder zombies
  An adder skeleton (D:4)
  A worm (D:6)
  2 dart slugs
  8 leopard geckos
  55 orcs
  2 ball pythons (D:1)
  A giant cockroach (D:1)
  12 goblins
  10 hobgoblins
  11 jackals
  4 quokkas
  14 bats
  2 frilled lizards
  A jackal zombie (D:7)
  10 kobolds
  A leopard gecko skeleton (D:4)
  5 rats (D:1)
283 creatures vanquished.

Vanquished Creatures (others)
  An orc wizard (D:4)
  2 orcs
3 creatures vanquished.

Grand Total: 286 creatures vanquished

Notes
Turn   | Place    | Note
-------+----------+-------------------------------------------
     0 | D:1      | Borgoz the Gargoyle Gladiator began the quest for the Orb.
     0 | D:1      | Reached XP level 1. HP: 12/12 MP: 1/1
   104 | D:1      | Reached XP level 2. HP: 15/17 MP: 2/2
   105 | D:1      | Reached skill level 1 in Armour
   246 | D:1      | Reached skill level 3 in Short Blades
   295 | D:1      | Reached XP level 3. HP: 13/21 MP: 3/3
  1001 | D:2      | Reached XP level 4. HP: 26/26 MP: 4/4
  1555 | D:3      | Reached XP level 5. HP: 14/30 MP: 1/5
  1557 | D:3      | Noticed a phantom
  1573 | D:3      | Killed a phantom
  1573 | D:3      | Reached skill level 4 in Short Blades
  1838 | D:3      | Reached XP level 6. HP: 34/35 MP: 6/6
  2149 | D:3      | Found a shimmering altar of Xom.
  2149 | D:3      | Found a shimmering altar of Xom.
  2150 | D:3      | Found a shimmering altar of Xom.
  2151 | D:3      | Noticed an orc warrior
  2151 | D:3      | Found a shimmering altar of Xom.
  2151 | D:3      | Found a shimmering altar of Xom.
  2152 | D:3      | Found a shimmering altar of Xom.
  2156 | D:3      | You fall through a shaft!
  2184 | D:4      | Found a blossoming altar of Fedhas.
  2609 | D:4      | Reached skill level 1 in Stealth
  2609 | D:4      | Reached XP level 7. HP: 40/40 MP: 6/8
  2756 | D:4      | Reached skill level 1 in Spellcasting
  3068 | D:5      | Entered Level 5 of the Dungeon
  3146 | D:3      | Learned a level 1 spell: Confusing Touch
  3355 | D:5      | Reached XP level 8. HP: 45/46 MP: 10/10
  3380 | D:5      | Reached skill level 5 in Short Blades
  3521 | D:5      | Found a staircase to the Ecumenical Temple.
  3529 | Temple   | Entered the Ecumenical Temple
  3625 | Temple   | Became a worshipper of Ashenzari the Shackled
  3979 | D:5      | Reached skill level 1 in Hexes
  4169 | D:6      | Found a stormy altar of Qazlal.
  4172 | D:6      | Found a burning altar of Makhleb.
  4172 | D:6      | Found a radiant altar of Vehumet.
  4172 | D:6      | Found a bloodstained altar of Trog.
  4182 | D:6      | Reached skill level 5 in Dodging
  4544 | D:6      | Reached * piety under Ashenzari
  4587 | D:6      | Found Utoyf's Food Emporium.
  4627 | D:6      | Reached XP level 9. HP: 14/52 MP: 12/12
  4768 | D:6      | Reached skill level 5 in Armour
  4963 | D:6      | Found a hide-covered altar of Uskayaw.
  4967 | D:6      | Found an opulent altar of Gozag.
  5348 | D:7      | Reached skill level 6 in Short Blades
  5462 | D:7      | Found Voraggeups's Jewellery Boutique.
  5615 | D:7      | Reached ** piety under Ashenzari
  5633 | D:7      | Noticed Duvessa
  5633 | D:7      | Noticed Dowan
  5658 | D:7      | Killed Duvessa
  5681 | D:7      | Killed Dowan
  5688 | D:7      | Reached skill level 1 in Evocations
  5849 | D:7      | Noticed Menkaure
  5856 | D:7      | Killed Menkaure
  6176 | D:8      | Found a basalt altar of Yredelemnul.
  6196 | D:8      | Found an ornate altar of the Wu Jian Council.
  6209 | D:8      | Reached XP level 10. HP: 58/58 MP: 14/14
  6231 | D:8      | Noticed a two-headed ogre
  6260 | D:8      | Killed a two-headed ogre
  6399 | D:8      | Found a hazy altar of Hepliaklqana.
  6494 | D:8      | Reached skill level 5 in Fighting
  6505 | D:8      | Reached skill level 7 in Short Blades
  6514 | D:8      | Reached skill level 5 in Stealth
  6529 | D:8      | Found a glowing golden altar of the Shining One.
  6611 | D:8      | Found a hazy altar of Hepliaklqana.
  6612 | D:8      | Found a blossoming altar of Fedhas.
  6696 | D:8      | Found an opulent altar of Gozag.
  6737 | D:8      | Noticed Maurice
  6740 | D:8      | Found a white marble altar of Elyvilon.
  6746 | D:8      | Killed Maurice
  6883 | D:9      | Found a staircase to the Lair.
  7110 | D:9      | Found a roughly hewn altar of Beogh.
  7262 | D:9      | Learned a level 2 spell: Blink
  7266 | D:9      | Learned a level 3 spell: Mephitic Cloud
  7356 | D:9      | Reached XP level 11. HP: 64/64 MP: 17/17
  7493 | D:9      | Found Ussypn's Jewellery Shoppe.
  7510 | D:9      | Noticed Harold
  7512 | D:9      | Killed Harold
  7621 | D:10     | Entered Level 10 of the Dungeon
  7804 | D:10     | Reached *** piety under Ashenzari
  8275 | D:11     | Reached skill level 1 in Conjurations
  8291 | D:11     | Noticed XanderDroid's ghost (novice MiBe)
  8294 | D:11     | Noticed a minotaur
  8471 | D:11     | Found a runed translucent gate.
  8471 | D:11     | Found a runed translucent gate.
  8471 | D:11     | Found a runed translucent gate.
  8516 | D:11     | Noticed a cyan ugly thing
  8533 | D:11     | Killed a cyan ugly thing
  8738 | D:11     | Reached skill level 8 in Short Blades
  8760 | D:11     | Reached skill level 5 in Throwing
  8837 | D:11     | Killed from afar by an orc priest

Levels and vault maps discovered:
D:1:      minmay_arrival_glassed_features, layout_basic, minmay_distorted
D:2:      kennysheep_the_goblin_king, layout_rooms
D:3:      layout_loops_ring, xom_redecorated, first_ration, feat_on_display
D:4:      layout_basic, fedhas_altar_1
D:5:      layout_basic, minmay_temple_entry_drinking_statues
D:6:      layout_cave_pods, minmay_overflow_temple_hex, serial_shops,
          shop_fountains, grunt_decor_arrowhead
D:7:      layout_basic, serial_shops, shop, uniq_duvessa, uniq_menkaure
D:8:      layout_rooms, kennysheep_ying_yang, nicolae_tso_carved_into_rock,
          gammafunk_temple_overflow_forgotten, basic_altar,
          grunt_gozag_breadcrumbs, uniq_maurice
D:9:      layout_roguey, grunt_lair_entry_orc_guard_hut, serial_shops,
          kennysheep_little_box, special_room [special_room_orc], uniq_harold
D:10:     layout_loops_ring
D:11:     layout_roguey, david_orc_4, maelrawn_ghost_gauntlet_escape,
          serial_shops, nicolae_shop_stone, uniq_snorg
Temple:   pf_slimified_temple

Skill      XL: |  1  2  3  4  5  6  7  8  9 10 11 |
---------------+----------------------------------+-----
Armour         | 1 2 3 4 5 6 |  6.8
Short Blades   | 3 4 5 6 7 8 |  8.0
Dodging        | 3 4 5 6 7 |  7.3
Throwing       | 2 3 4 5 |  5.0
Stealth        | 1 2 3 4 5 6 |  6.2
Spellcasting   | 1 2 3 4 |  4.4
Fighting       | 3 4 5 6 |  6.1
Hexes          | 1 2 3 4 |  4.1
Evocations     | 1 2 3 |  3.5
Conjurations   | 1 |  1.7

Action                   |  1- 3 |  4- 6 |  7- 9 | 10-12 || total
-------------------------+-------+-------+-------+-------++-------
Melee: Rapier            |    26 |       |       |       ||    26
       Dagger            |   197 |   250 |   362 |   223 ||  1032
       Short sword       |       |       |       |   239 ||   239
Throw: Throwing net      |       |       |       |     2 ||     2
 Cast: Confusing Touch   |       |       |     5 |     7 ||    12
Invok: Curse Item        |       |       |     2 |       ||     2
Evoke: Wand              |       |       |       |     3 ||     3
  Use: Potion            |       |     2 |     1 |     2 ||     5
       Scroll            |       |       |    17 |     5 ||    22
 Stab: Confused          |       |       |     3 |    10 ||    13
       Sleeping          |       |       |     1 |     6 ||     7
       Distracted        |       |       |       |     1 ||     1
       Held in net/web   |       |       |       |     1 ||     1
  Eat: Chunk             |       |     6 |    13 |    10 ||    29
Armor: Leather armour    |    16 |       |       |       ||    16
       Ring mail         |    64 |    98 |   130 |   191 ||   483
Dodge: Dodged            |    93 |   122 |   176 |   240 ||   631

Table legend:
 A = Non-vault XP
 B = Vault XP
 C = Vault XP percentage of total XP
 D = Non-vault monster count
 E = Vault monster count
 F = Vault count percentage of total count
                 A         B        C        D         E       F
            +---------+---------+-------+---------+---------+-------
      Total |   11366 |    3565 |  23.9 |     230 |      54 |  19.0
            +---------+---------+-------+---------+---------+-------
        D:1 |      54 |       2 |   3.6 |      32 |       2 |   5.9
        D:2 |      39 |      13 |  25.0 |      13 |       7 |  35.0
        D:3 |     493 |       0 |   0.0 |      26 |       0 |   0.0
        D:4 |     508 |       0 |   0.0 |      20 |       0 |   0.0
        D:5 |     512 |       0 |   0.0 |      11 |       0 |   0.0
        D:6 |    1135 |       0 |   0.0 |      25 |       0 |   0.0
        D:7 |    1251 |     389 |  23.7 |      23 |       3 |  11.5
        D:8 |    2643 |     433 |  14.1 |      31 |       1 |   3.1
        D:9 |    1333 |    2024 |  60.3 |      17 |      30 |  63.8
       D:10 |     678 |       0 |   0.0 |       9 |       0 |   0.0
       D:11 |    2720 |     704 |  20.6 |      23 |      11 |  32.4
            +---------+---------+-------+---------+---------+-------
